 Dungeon Crawl Stone Soup version 0.31.0 (webtiles) character file.

Game seed: 2749985502006666320

45 Esekla the Shield-Bearer (level 3, -5/27 HPs)
             Began as a Demonspawn Wanderer on Jan 20, 2024.
             Killed from afar by Ijyb (7 damage)
             ... with a puff of flame
             ... on level 3 of the Dungeon.
             The game lasted 00:07:09 (1590 turns).

Esekla the Shield-Bearer (Demonspawn Wanderer)      Turns: 1590, Time: 00:07:09

Health: -5/27      AC:  4    Str: 11    XL:     3   Next: 42%
Magic:  5/5        EV: 11    Int: 21    God:
Gold:   137        SH:  4    Dex: 12    Spells: 1/5 levels left

rFire   . . .        a - +0 dagger
rCold   . . .        c - +0 buckler
rNeg    . . .        e - +0 leather armour
rPois   .            (no helmet)
rElec   .            (no cloak)
rCorr   +            (no gloves)
SInv    .            (no boots)
Will    .....        (no amulet)
Stlth   +            f - ring of resist corrosion
HPRegen 0.24/turn    m - +6 ring of intelligence
MPRegen 0.09/turn

%: no passive effects
@: no status effects
A: rugged brown scales 1, demonic guardian 1
a: no special abilities


You were on level 3 of the Dungeon.
You visited 1 branch of the dungeon, and saw 3 of its levels.

You collected 137 gold pieces.

Inventory:

Hand Weapons
 a - a +0 dagger (weapon)
 r - a +0 spear
Missiles
 b - 4 throwing nets (quivered)
Armour
 c - a +0 buckler (worn)
 e - a +0 leather armour (worn)
Jewellery
 f - a ring of resist corrosion (left hand)
 m - a +6 ring of intelligence (right hand)
Scrolls
 h - a scroll of fog {unknown}
 i - a scroll of brand weapon {unknown}
 j - 2 scrolls of poison {unknown}
 k - 2 scrolls of identify {unknown}
Potions
 d - 2 potions of heal wounds
 g - a potion of cancellation {unknown}
 l - a potion of brilliance {unknown}
 n - a potion of curing {unknown}


   Skills:
 * Level 2.3 Fighting
 + Level 0.4 Short Blades
 + Level 1.0 Armour
 + Level 1.9 Dodging
 + Level 3.0 Shields
 * Level 1.6 Spellcasting
 * Level 1.1 Conjurations
 * Level 0.5 Air Magic
 * Level 1.1 Alchemy


You had one spell level left.
You knew the following spells:

 Your Spells              Type           Power      Damage    Failure   Level
a - Sting                 Conj/Alch      24%        1d4       19%         1
c - Mephitic Cloud        Conj/Alch/Air  5%         N/A       52%         3

Your spell library contained the following spells:

 Spells                   Type           Power      Damage    Failure   Level
 Call Imp                 Summ           2%         N/A       41%         2
 Sublimation of Blood     Necr           1%         N/A       41%         2
 Summon Hydra             Summ           0%         N/A       100%        7


Dungeon Overview and Level Annotations

Branches:
Dungeon (3/15)

Altars:

Shops:
D:1 [

Annotations:
D:2 Robin, Sigmund, Terence
D:3 Ijyb


Innate Abilities, Weirdness & Mutations

You are partially covered in rugged brown scales. (AC +1, +3% HP)
A weak demonic guardian rushes to your aid.


Message History

The quokka is heavily wounded.
The quokka bites you.
You miss the quokka.
The quokka is heavily wounded.
The quokka bites you.
You barely miss the quokka.
The quokka is heavily wounded.
The quokka barely misses you. The quokka bites you.
You closely miss the quokka.
The quokka is moderately wounded.
The quokka barely misses you.
You hit the quokka.
You kill the quokka!
k - 2 scrolls labelled ESUKKO NAIDE (gained 1)
You see here a quokka corpse.
You see here a quokka corpse.
Ijyb the Twisted Goblin comes into view.
She is wielding a +0 club and carrying a wand of flame.
Ijyb shouts!
Ijyb zaps a wand.
The puff of flame hits you.
You start resting.
Ijyb is nearby!
You closely miss Ijyb.
Ijyb screams, "Level is mine!
All mine!"
Ijyb hits you with a +0 club.
A demonic guardian appears!
You closely miss Ijyb. Ijyb misses you.
Ijyb zaps a wand.
The puff of flame hits you!
You hit Ijyb but do no damage.
Ijyb zaps a wand.
The puff of flame hits you!
* * * LOW HITPOINT WARNING * * *
A demonic guardian appears!
You hit Ijyb but do no damage.
Your quasit closely misses Ijyb. x2
Your quasit completely misses Ijyb.
Your quasit bites Ijyb but does no damage.
Your quasit claws Ijyb but does no damage.
Your quasit barely misses Ijyb.
Ijyb barely misses your quasit.
You hit Ijyb.
Ijyb is lightly wounded.
Your quasit bites Ijyb but does no damage.
Your quasit closely misses Ijyb.
Your quasit completely misses Ijyb.
Ijyb zaps a wand.
The puff of flame hits you!
You die...

#####...# ....#...##
####### ###......###
....... .####......##
..g.... .# #...##..###
....... .#
#######...#######.......
.+
...............g..(.....
.#
......#####g#####.......
.# ...... #5@# .......
.# h.... ##5### .......
.# ..... #...# .......
## .... ###.#########
.... #..## ##..# ####


You could see Ijyb (ally target), a friendly quasit (summoned) and a friendly
shadow imp (summoned).

Vanquished Creatures
  An adder (D:2)
  A dart slug (D:1)
  2 endoplasms
  8 goblins
  3 hobgoblins (D:1)
  5 kobolds (D:1)
  A quokka (D:3)
  A bat (D:1)
  3 frilled lizards (D:1)
  3 rats
28 creatures vanquished.

Vanquished Creatures (collateral kills)
  A goblin (D:2)
  A hobgoblin (D:1)
  A kobold (D:3)
3 creatures vanquished.

Grand Total: 31 creatures vanquished

Notes
Turn   | Place    | Note
-------+----------+-------------------------------------------
     0 | D:1      | Esekla the Demonspawn Wanderer began the quest for the Orb.
     0 | D:1      | Esekla set off with the following items: a +0 dagger, 4
                  | throwing nets, a +0 buckler, a potion of heal wounds, a +0
                  | leather armour; and the following spell memorised: Sting;
                  | and the following spells available to memorise: Mephitic
                  | Cloud.
     0 | D:1      | Reached XP level 1. HP: 16/16 MP: 2/2
   118 | D:1      | Gained mutation: You are partially covered in rugged brown
                  | scales. (AC +1, +3% HP) [demonic ancestry]
   118 | D:1      | Reached XP level 2. HP: 15/22 MP: 3/3
   513 | D:1      | Reached skill level 3 in Shields
   515 | D:1      | Reached skill level 1 in Conjurations
   568 | D:1      | Found Ycaudon's Armour Shop.
   820 | D:2      | Gained mutation: A weak demonic guardian rushes to your
                  | aid. [demonic ancestry]
   820 | D:2      | Reached XP level 3. HP: 26/27 MP: 3/5
   871 | D:2      | Noticed Sigmund
   931 | D:1      | Learned a level 3 spell: Mephitic Cloud
  1017 | D:2      | Noticed Robin
  1322 | D:2      | Noticed Terence
  1576 | D:3      | Noticed Ijyb
  1588 | D:3      | HP: 1/27 [Ijyb/puff of flame (10)]
  1590 | D:3      | Killed from afar by Ijyb

Illustrated notes

Levels and vault maps discovered:
D:1:      nzn_arrival_settlement, layout_basic, serial_shops, shop
D:2:      layout_loops_ring, uniq_terence, uniq_sigmund, uniq_robin
D:3:      layout_basic, nicolae_figureground_pulse, uniq_natasha,
          uniq_crazy_yiuf_cottage, uniq_ijyb

Skill      XL: |  1  2 |
---------------+-------+-----
Shields        | 3 |  3.0
Conjurations   | 1 |  1.1
Fighting       | |  2.3
Short Blades   | |  0.4
Armour         | |  1.0
Dodging        | |  1.9
Spellcasting   | |  1.6
Air Magic      | |  0.5
Alchemy        | |  1.1

Action                     || total
---------------------------++-------
  Melee: Dagger            ||   150
   Cast: Sting             ||     7
         Mephitic Cloud    ||     3
   Stab: Sleeping          ||     1
         Confused          ||     2
 Armour: Leather armour    ||    96
  Dodge: Dodged            ||    84
  Block: Buckler           ||    26
